 Dungeon Crawl Stone Soup version 0.30-a0-715-gdb4ae3ece1 (webtiles) character file.

Game seed: 8264445075634439741

477 Azfaa the Covert (level 7, -1/41 HPs)
             Began as a Kobold Brigand on Jan 23, 2023.
             Was a Believer of Dithmenos.
             Slain by a black bear (7 damage)
             ... on level 5 of the Dungeon.
             The game lasted 00:15:19 (2334 turns).

Azfaa the Covert (Kobold Brigand)                   Turns: 2334, Time: 00:15:20

Health: -1/41      AC:  6    Str:  8    XL:     7   Next: 33%
Magic:  7/7        EV: 19    Int: 12    God:    Dithmenos [**....]
Gold:   119        SH:  0    Dex: 19    Spells: 6/6 levels left

rFire   . . .      SeeInvis .    a - +3 dagger
rCold   + . .      Faith    .    (no shield)
rNeg    . . .      Spirit   .    i - +1 leather armour
rPois   +          Reflect  .    (no helmet)
rElec   .          Harm     .    c - +0 cloak
rCorr   .          Rampage  .    (no gloves)
Will    .....                    (no boots)
Stlth   ++++++                   (no amulet)
HPRegen 0.26/turn                x - +5 ring of evasion
MPRegen 0.10/turn                v - ring of poison resistance

@: mighty, wreathed by umbra
A: small, no large weapons, nightstalker 3, cold resistance 1, shaggy fur 1
a: Renounce Religion, Shadow Step


You were on level 5 of the Dungeon.
You worshipped Dithmenos.
Dithmenos was pleased with you.
You visited 1 branch of the dungeon, and saw 4 of its levels.

You collected 119 gold pieces.

Inventory:

Hand Weapons
 a - a +3 dagger (weapon)
 g - a +0 dagger
 h - a +0 hand axe
 n - a +0 whip
 o - a +0 spear
 r - a +0 mace
 A - a +0 rapier
 B - a +0 spear
Missiles
 d - 24 poisoned darts
 e - 3 curare-tipped darts
 p - 12 stones
 z - 4 boomerangs (quivered)
Armour
 b - a +0 robe
 c - a +0 cloak (worn)
 f - a +0 cloak
 i - a +1 leather armour (worn)
 m - a +0 ring mail
 s - a +0 leather armour
 y - +0 steam dragon scales
Jewellery
 u - a ring of willpower
 v - a ring of poison resistance (right hand)
 x - a +5 ring of evasion (left hand)
Scrolls
 k - 2 scrolls of teleportation
 l - a scroll of fear
Potions
 j - a potion of magic
 q - 2 potions of mutation


   Skills:
 + Level 3.3 Fighting
 * Level 5.3 Short Blades
 + Level 3.4 Throwing
 + Level 0.9 Armour
 + Level 2.2 Dodging
 + Level 8.6 Stealth


You had 6 spell levels left.
You didn't know any spells.
Your spell library contained the following spells:

 Spells                   Type           Power      Damage    Failure   Level
 Summon Small Mammal      Summ           0%         N/A       43%         1
 Call Canine Familiar     Summ           0%         N/A       80%         3
 Inner Flame              Hex/Fire       0%         N/A       80%         3
 Summon Guardian Golem    Hex/Summ       0%         N/A       80%         3
 Flame Wave               Conj/Fire      0%         2d4       99%         4
 Sticky Flame             Conj/Fire      0%         2d3       99%         4


Dungeon Overview and Level Annotations

Branches:
Dungeon (3/15)

Altars:
Dithmenos


Innate Abilities, Weirdness & Mutations

You are small and have problems with some larger weapons.
You are completely attuned to the shadows.
Your flesh is cold resistant. (rC+)
You are covered in fur. (AC +1)


Message History

The centaur is almost dead.
A black bear comes into view.
The centaur barely misses you. The centaur misses you.
You closely miss the centaur.
The centaur is almost dead.
The centaur barely misses you. The centaur kicks you.
* * * LOW HITPOINT WARNING * * *
You hit the centaur.
You kill the centaur!
Dithmenos accepts your kill.
You can now step into the shadows of nearby creatures.
You hit the orc.
The orc is moderately wounded.
You hit the black bear.
The black bear is moderately wounded.
The orc misses you.
The black bear bites you but does no damage.
The black bear claws you.
* * * LOW HITPOINT WARNING * * *
The black bear barely misses you.
It was a potion of cancellation.
You feel magically purged. The orc completely misses you.
The black bear closely misses you. x2
The black bear misses you.
It was a potion of might.
You feel very mighty all of a sudden. The orc barely misses you.
The black bear bites you.
* * * LOW HITPOINT WARNING * * *
The black bear barely misses you. The black bear closely misses you.
The orc attacks as you move away! The orc completely misses you.
The black bear attacks as you move away!
The black bear completely misses you. The black bear misses you. x2
The orc misses you.
The black bear attacks as you move away!
The black bear barely misses you. The black bear completely misses you.
The black bear claws you but does no damage.
The orc closely misses you. The orc barely misses you.
The black bear attacks as you move away!
The black bear bites you!
You die...

###### #.[..# #....####### #####
#..........#
#######...######..o....####
................@ho......>######
............####)..............#
#######...#..#
#.####.....####.## ######..##.#
#............ #..#)#
#..)########' .....#
##.#)c......# .....#
#.#.o####'.# .....# ..#.#....#.#
##.#.# .#.#.#.##.#.#


You could see a black bear and 2 orcs.

Vanquished Creatures
  A steam dragon (D:3)
  A black bear (D:5)
  A centaur (D:5)
  3 orc wizards (D:5)
  An adder (D:3)
  A dart slug (D:1)
  4 orcs
  11 bats
  6 endoplasms
  13 giant cockroaches
  5 goblins
  2 hobgoblins (D:1)
  5 jackals
  A quokka (D:1)
  11 ball pythons
  2 frilled lizards
  7 kobolds
  7 rats
82 creatures vanquished.

Notes
Turn   | Place    | Note
-------+----------+-------------------------------------------
     0 | D:1      | Azfaa the Kobold Brigand began the quest for the Orb.
     0 | D:1      | Reached XP level 1. HP: 12/12 MP: 1/1
    74 | D:1      | Reached XP level 2. HP: 17/18 MP: 2/2
   646 | D:1      | Reached XP level 3. HP: 22/22 MP: 3/3
   659 | D:1      | Reached skill level 6 in Stealth
  1329 | D:2      | Reached XP level 4. HP: 27/27 MP: 4/4
  1743 | D:3      | Found a faded altar of an unknown god.
  1765 | D:3      | Prayed at the altar of an unknown god.
  1765 | D:3      | Became a worshipper of Dithmenos the Shadowed
  1765 | D:3      | Reached * piety under Dithmenos
  1984 | D:3      | Noticed a steam dragon
  1988 | D:3      | Killed a steam dragon
  1989 | D:3      | Reached skill level 7 in Stealth
  1989 | D:3      | Reached XP level 5. HP: 32/32 MP: 5/5
  1989 | D:3      | Reached XP level 6. HP: 37/37 MP: 6/6
  2065 | D:3      | Reached skill level 8 in Stealth
  2172 | D:3      | You fall into a shaft and drop 2 floors!
  2172 | D:5      | Entered Level 5 of the Dungeon
  2178 | D:5      | Noticed a black bear
  2182 | D:5      | Killed a black bear
  2218 | D:5      | Reached skill level 5 in Short Blades
  2218 | D:5      | Reached XP level 7. HP: 41/41 MP: 7/7
  2292 | D:5      | Gained mutation: Your flesh is cold resistant. (rC+)
                  | [potion of mutation]
  2292 | D:5      | Gained mutation: You are covered in fur. (AC +1) [potion of
                  | mutation]
  2321 | D:5      | Reached ** piety under Dithmenos
  2334 | D:5      | Slain by a black bear

Illustrated notes

Levels and vault maps discovered:
D:1:      lightli_arrival_maybe_door_vault, layout_basic
D:2:      layout_loops_cross, chequers_serial_rivers_micro_b
D:3:      minmay_roachtagon, layout_loops_ring,
          nicolae_ecumenical_snake_handling
D:5:      minmay_general_purpose_star, layout_basic, ashenzari_altar_1,
          minivault_11

Skill      XL: |  1  2  3  4  5  6  7 |
---------------+----------------------+-----
Short Blades   | 3 4 5 |  5.3
Stealth        | 6 7 8 |  8.6
Fighting       | 3 |  3.3
Dodging        | 2 |  2.2
Throwing       | 3 |  3.4
Armour         | |  0.9

Action                     |  1- 3 |  4- 6 |  7- 9 || total
---------------------------+-------+-------+-------++-------
  Melee: Dagger            |   104 |    59 |    24 ||   187
         Punch             |     1 |     1 |       ||     2
  Throw: Boomerang         |       |    28 |     4 ||    32
    Use: Scroll            |     5 |     1 |       ||     6
         Potion            |       |       |     5 ||     5
   Stab: Sleeping          |    18 |    16 |       ||    34
 Armour: Robe              |    14 |       |       ||    14
         Leather armour    |    22 |    17 |     7 ||    46
  Dodge: Dodged            |    89 |    74 |    53 ||   216

Table legend: (Time is in decaauts)
 A = Elapsed time spent in this place.
 B = Non-inter-level travel time spent in this place.
 C = Inter-level travel time spent in this place.
 D = Time resting spent in this place.
 E = Time spent auto-exploring this place.
 F = Levels seen in this place.
 G = Mean time per level.
                   A        B        C        D        E       F      G
               +--------+--------+--------+--------+--------+-----+--------+
         Total |   2305 |   2305 |      0 |    400 |      0 |   4 |  576.2 |
       Dungeon |   2305 |   2305 |      0 |    400 |      0 |   4 |  576.2 |
               +--------+--------+--------+--------+--------+-----+--------+

Top non-repeatable levels by time:
     D:1: 995 daAuts
     D:2: 711 daAuts
     D:3: 442 daAuts
     D:5: 155 daAuts
